 Dungeon Crawl Stone Soup version 0.19-a0-990-gf36c7f1 (webtiles) character file.

105 ourship the Shooter (level 4, -3/38 HPs)
             Began as a Centaur Hunter on July 14, 2016.
             Killed from afar by an orc wizard (11 damage)
             ... with a puff of flame
             ... on level 3 of the Dungeon.
             The game lasted 00:18:16 (3364 turns).

ourship the Shooter (Centaur Hunter)                Turns: 3364, Time: 00:18:17

Health: -3/38      AC:  5    Str: 16    XL:     4   Next: 53%
Magic:  4/4        EV: 10    Int: 10    God:
Gold:   26         SH:  0    Dex:  9    Spells: 0 memorised, 3 levels left

rFire  . . .     SeeInvis +     a - +2 shortbow
rCold  . . .     Gourm    .     c - +0 leather armour
rNeg   . . .     Faith    .     (shield currently unavailable)
rPois  .         Spirit   .     (helmet restricted)
rElec  .         Dismiss  .     j - +0 cloak
rCorr  .         Reflect  .     (no gloves)
SustAt .         Harm     .     (no barding)
MR     .....     Clarity  +     (no amulet)
Stlth  +.........               (no ring)
                                u - ring of see invisible

@: very quick, not resistant to hostile enchantments, very unstealthy
A: hooves 3, horns 1, clarity, deformed body, speed 2, tough skin 3, wild magic
1
a: no special abilities


You were on level 3 of the Dungeon.
You were not hungry.

You visited 1 branch of the dungeon, and saw 4 of its levels.

You collected 26 gold pieces.

Inventory:

Hand Weapons
 a - a +2 shortbow (weapon)
 b - a +0 short sword
Missiles
 d - 6 arrows (quivered)
Armour
 c - a +0 leather armour (worn)
 j - a +0 cloak (worn)
Jewellery
 u - a ring of see invisible (left hand)
Scrolls
 g - 4 scrolls of remove curse
Potions
 i - a potion of cancellation {unknown}
 k - a potion of agility
 l - 2 potions of curing
 m - a potion of haste {unknown}
 n - a potion of magic {unknown}
 o - a potion of berserk rage {unknown}
 p - a potion of degeneration {unknown}
 q - a potion of might {unknown}
 r - a potion of heal wounds {unknown}
 t - a potion of flight {unknown}
Books
 e - a book of the Earth

   Spells                             Type                      Level
   a - Leda's Liquefaction            Hexes/Earth                  4
   b - Bolt of Magma                  Conjuration/Fire/Earth       5
   c - Statue Form                    Transmutation/Earth          6
   d - Iron Shot                      Conjuration/Earth            6
   e - Shatter                        Earth                        9
Comestibles
 f - a bread ration
 h - 2 chunks of flesh
 s - a beef jerky


   Skills:
 + Level 3.0 Fighting
 + Level 6.1 Bows
 + Level 2.6 Dodging
 - Level 0.5 Stealth


You had 3 spell levels left.
You didn't know any spells.

Dungeon Overview and Level Annotations

Branches:
Dungeon (4/15)
 Temple: D:4-7

Altars:
Dithmenos
Elyvilon
Hepliaklqana
Pakellas
Qazlal
Vehumet

Annotations:
D:4 Duvessa


Innate Abilities, Weirdness & Mutations

You have hooves in place of feet.
Armour fits poorly on your strangely shaped body.
You cover ground very quickly.
You have extremely tough skin. (AC +3)
You have a pair of small horns on your head.
You possess an exceptional clarity of mind.
Your spells are a little harder to cast, but a little more powerful.


Message History

Press: ? - help, Shift-Dir - straight line, f/p - orc wizard
Aim: an orc wizard, wielding a dagger and wearing a robe (severely wounded, fast, slightly transparent)
You shoot an arrow. The arrow barely misses the orc wizard.
The orc wizard hits you but does no damage.
The orc wizard casts a cantrip, but nothing happens.
The orc wizard casts a cantrip, but nothing happens.
You see here 5 arrows.
Firing (i - inventory):
d - 2 arrows (quivered)
Press: ? - help, Shift-Dir - straight line, f/p - orc wizard
Aim: an orc wizard, wielding a dagger and wearing a robe (severely wounded, fast, slightly transparent)
You shoot an arrow. The arrow barely misses the orc wizard.
The orc wizard points at you and mumbles some strange words.
The puff of flame hits you!
* * * LOW HITPOINT WARNING * * *
d - 6 arrows (gained 5)
The orc wizard closely misses you. The orc wizard barely misses you.
The orc wizard casts a spell at you. The puff of flame hits you!
You die...

.....#######..............#....#
...........#..............#....#
#####......#.............†#....#
............(...........).....>#
#####....|.#......#######.#....#
....#......#......# #..###.#
....#......#......# ##.###.#
....########...((.#### #..##.#
##### #(...@.o..# ##.##.#
####..)...# #..#.# #......#
##(#.# #......#######.#.##
#####................#
.........÷.........#.#
...................... ....#
..................#.#. ....#
#####.............#.#.


You could see an orc wizard (invisible).

Vanquished Creatures
  3 adders
  An ooze (D:1)
  A worm (D:3)
  3 dart slugs
  A giant gecko (D:2)
  5 orcs (D:3)
  A ball python (D:1)
  2 giant cockroaches
  A goblin (D:1)
  3 hobgoblins
  12 jackals
  7 kobolds
  A quokka (D:2)
  3 bats
  6 giant newts
  6 rats
56 creatures vanquished.

Vanquished Creatures (others)
  A dart slug (D:2)
  A kobold (D:2)
2 creatures vanquished.

Grand Total: 58 creatures vanquished

Notes
Turn   | Place    | Note
-------+----------+-------------------------------------------
     0 | D:1      | ourship the Centaur Hunter began the quest for the Orb.
     0 | D:1      | Reached XP level 1. HP: 17/17 MP: 1/1
   476 | D:1      | Reached XP level 2. HP: 24/24 MP: 2/2
  1195 | D:2      | Found an oddly glowing altar of Pakellas.
  1209 | D:2      | Found a radiant altar of Vehumet.
  1216 | D:2      | Found a shadowy altar of Dithmenos.
  1273 | D:2      | Found a hazy altar of Hepliaklqana.
  1604 | D:2      | Reached XP level 3. HP: 21/30 MP: 3/3
  1824 | D:2      | Found a white marble altar of Elyvilon.
  1925 | D:2      | Gained mutation: You have a pair of small horns on your head. [potion of mutation]
  1925 | D:2      | Gained mutation: Your spells are a little harder to cast, but a little more powerful. [potion of mutation]
  1925 | D:2      | Gained mutation: You possess an exceptional clarity of mind. [potion of mutation]
  2639 | D:3      | Reached XP level 4. HP: 37/37 MP: 4/4
  2640 | D:3      | Found a stormy altar of Qazlal.
  2669 | D:3      | Reached skill level 6 in Bows
  3271 | D:4      | Noticed Duvessa
  3364 | D:3      | Killed from afar by an orc wizard

Vault maps used:
D:1:      lightli_arrival_quake
D:2:      elyvilon_altar_4, gammafunk_temple_overflow_forgotten,
          grunt_pakellas_sulfur
D:3:      grunt_qazlal_clouds, first_bread
D:4:      black_bear_nest_2, minmay_goblin_outpost, uniq_duvessa

Skill      XL: |  1  2  3  4 |
---------------+-------------+-----
Dodging        | 2 |  2.6
Bows           | 6 |  6.1
Fighting       | 3 |  3.0
Stealth        | |  0.5

Action                   |  1- 3 |  4- 6 || total
-------------------------+-------+-------++-------
 Fire: Shortbow          |   126 |    66 ||   192
  Use: Scroll            |    10 |       ||    10
       Potion            |     1 |       ||     1
  Eat: Chunk             |     3 |     2 ||     5
Armor: Leather armour    |    30 |    14 ||    44
Dodge: Dodged            |    27 |    16 ||    43
